 Dungeon Crawl Stone Soup version 0.19.5 (webtiles) character file.

39 Lizzreth the Slasher (level 3, 0/29 HPs)
             Began as a Demonspawn Abyssal Knight on Mar 18, 2017.
             Was a Believer of Lugonu.
             Slain by Terence
             ... wielding a +0 trident
              (6 damage)
             ... on level 2 of the Dungeon.
             The game lasted 00:04:00 (861 turns).

Lizzreth the Slasher (Demonspawn Abyssal Knight)     Turns: 861, Time: 00:04:01

Health: 0/29       AC:  5    Str: 12    XL:     3   Next: 28%
Magic:  4/4        EV: 11    Int: 13    God:    Lugonu [**....]
Gold:   58         SH:  0    Dex: 13    Spells: 0 memorised, 2 levels left

rFire  . . .     SeeInvis .     a - +1 falchion
rCold  . . .     Gourm    .     b - +0 leather armour
rNeg   . . .     Faith    .     (no shield)
rPois  .         Spirit   .     (no helmet)
rElec  .         Reflect  .     (no cloak)
rCorr  .         Harm     .     (no gloves)
MR     .....                    (no boots)
Stlth  +.........               (no amulet)
                                (no ring)
                                (no ring)

@: no status effects
A: thin metallic scales 1
a: Depart the Abyss, Bend Space, Renounce Religion


You were on level 2 of the Dungeon.
You worshipped Lugonu.
Lugonu was pleased with you.
You were not hungry.

You visited 1 branch of the dungeon, and saw 2 of its levels.
You visited the Abyss 1 time.

You collected 58 gold pieces.

Inventory:

Hand Weapons
 a - a +1 falchion (weapon)
Armour
 b - a +0 leather armour (worn)
Scrolls
 f - a scroll of recharging {unknown}
Comestibles
 c - a bread ration


   Skills:
 - Level 3.0 Fighting
 + Level 3.3 Long Blades
 - Level 1.7 Armour
 - Level 0.8 Dodging
 - Level 2.4 Invocations


You had 2 spell levels left.
You didn't know any spells.

Dungeon Overview and Level Annotations

Branches:
Dungeon (2/15)

Altars:

Annotations:
D:2 Terence


Innate Abilities, Weirdness & Mutations

You are partially covered in thin metallic scales. (AC +2)


Message History

Terence closely misses you.
You closely miss Terence.
Terence is moderately wounded.
Terence hits you with a trident.
You barely miss Terence.
Terence is moderately wounded.
Terence hits you with a trident!
* * * LOW HITPOINT WARNING * * *
You are too injured to fight recklessly!
You are too injured to fight recklessly!
You aren't carrying any potions.
Wield which item (- for none, * to show all)? (? for menu, Esc to quit)
Okay, then.
As you read the scroll labeled ZIT TOFESHON, it crumbles to dust.
You feel aware of your surroundings.
You sensed 1 altar.
It was a scroll of magic mapping.
As you read the scroll labeled WEOXZOCVUT, it crumbles to dust.
You feel blessed for a moment.
It was a scroll of remove curse.
Terence hits you with a trident.
You die...

,,,,,,,,,,,,,*#.................,
,,,,,,,,,,,,,*#....†.............
,,,,,,,,,,,,,##...............,,,
,,,,,,,,,,,,,#................,,,
,,,,,,,,,,,,,#................,,,
,,,,,,,,,,,,,#......##....####+*,
,,,,,,,,,,,,,#......#####..#**,*,
,,,,,,,,,,,,,#......# *#.#,,,<,
,,,,,,,,,,,,,#..@...# *...*,**
,,,,,,,,,,,,,####@###******..#,**
*,,,,,,,,,**** #.........**,.#,*,
*,,,,,,,,,* #.........**,,*,*,
*,,,,,,,,,* #.........***,*,,,
*,,,,,,,,,* #.........***,,,**
*,,,,,,,,,* #..(......+,,,,,,,
*,,,,,,,,,* #.........****,,**
*,,,,,,,,,*****#.........,,,,,>,,


You could see Terence.

Vanquished Creatures
  2 dart slugs
  A leopard gecko (D:2)
  11 giant cockroaches (D:2)
  5 goblins (D:1)
  A hobgoblin (D:2)
  3 kobolds (D:1)
  2 bats (D:1)
  A frilled lizard (D:1)
  4 rats
30 creatures vanquished.

Notes
Turn   | Place    | Note
-------+----------+-------------------------------------------
     0 | Abyss:1  | Lizzreth the Demonspawn Abyssal Knight began the quest for the Orb.
     0 | Abyss:1  | Reached XP level 1. HP: 18/18 MP: 2/2
    10 | D:1      | Escaped the Abyss
   280 | D:1      | Gained mutation: You are partially covered in thin metallic scales. (AC +2) [demonic ancestry]
   280 | D:1      | Reached XP level 2. HP: 18/24 MP: 3/3
   673 | D:2      | Reached ** piety under Lugonu
   701 | D:2      | Reached XP level 3. HP: 20/29 MP: 4/4
   844 | D:2      | Noticed Terence
   861 | D:2      | Slain by Terence

Skill      XL: |  1  2 |
---------------+-------+-----
Long Blades    | 2 3 |  3.3
Fighting       | |  3.0
Armour         | |  1.7
Dodging        | |  0.8
Invocations    | |  2.4

Action                   || total
-------------------------++-------
Melee: Falchion          ||    92
Invok: Bend Space        ||     1
  Use: Scroll            ||     2
Armor: Leather armour    ||    37
Dodge: Dodged            ||    70
       Rpst.: Falchion   ||    26
